Selects Australian Defense Battlegroup
Selects Australian Light Infantry Section
Australian Light Infantry Section
Construct Section Command Post
Australian Light Infantry Section
Construct Platoon Command Post
Selects 2-pounder Anti-tank Gun Team
2-pounder Anti-tank Gun Team
Construct Field Infirmary
Construct Field Infirmary
Selects Vehicle Over Repair
Unlock Bishop Self-propelled Artillery
2-pounder Anti-tank Gun Team
Bishop Self-propelled Artillery
Bishop Self-propelled Artillery
Selects CMP 15cwt Supply Run
Selects Reinforced Resource Caches
Construct Company Command Post
Unlock M3 Grant Medium Tanks
Selects Charged Creeping Barrage
Australian Light Infantry Section
Australian Light Infantry Section
Australian Light Infantry Section